 Dungeon Crawl Stone Soup version 0.32-a0-931-g5a2cda0630 (webtiles) character file.

Game seed: 16287118606607066931

1248 jasper the Changeling (level 8, -2/45 HPs)
             Began as a Gargoyle Shapeshifter on Apr 13, 2024.
             Was a Follower of Makhleb.
             Slain by an orc wizard
             ... wielding a +0 dagger
              (3 damage)
             ... on level 5 of the Dungeon.
             The game lasted 00:06:48 (4517 turns).

jasper the Changeling (Gargoyle Shapeshifter)       Turns: 4517, Time: 00:06:49

Health: -2/45      AC:  6    Str: 19    XL:     8   Next: 50%
Magic:  8/8        EV: 15    Int: 10    God:    Makhleb [*.....]
Gold:   203        SH:  0    Dex: 11    Spells: 7/7 levels left

rFire   . .          .
                       - Unarmed
rCold   . . .        (shield currently unavailable)
rNeg    + + .        g - melded +0 ring mail
rPois   ∞            m - +0 helmet
rElec   +            (no cloak)
rCorr   .            (no gloves)
SInv    .            (no boots)
Will    .....        (no amulet)
Stlth   +            q - ring of flight
HPRegen 0.27/turn    s - ring of positive energy
MPRegen 0.11/turn

%: no passive effects
@: flux-form, flying, glowing
A: glow, contaminating, sickness immunity, AC +5, negative energy resistance 1,
electricity resistance, torment resistance 1, petrification resistance
a: Begin Untransformation, Renounce Religion


You were on level 5 of the Dungeon.
You worshipped Makhleb.
Makhleb was aware of your devotion.
You were something dangerously unstable.
You visited 1 branch of the dungeon, and saw 5 of its levels.
You also visited: Sewer.

You collected 251 gold pieces.
You spent 48 gold pieces at shops.

Inventory:

Hand Weapons
 l - a +7 dagger of venom
Missiles
 h - 46 stones (quivered)
 x - a curare-tipped dart
Armour
 a - a +0 animal skin
 g - a +0 ring mail (melded)
 m - a +0 helmet (worn)
Jewellery
 e - a ring of ice
 j - a ring of wizardry
 q - a ring of flight (left hand)
 s - a ring of positive energy (right hand)
Talismans
 c - a beast talisman
 d - a flux talisman (active)
Wands
 o - a wand of mindburst (6)
Scrolls
 i - 3 scrolls of fear
 t - 2 scrolls of enchant weapon
 u - a scroll of teleportation
 w - 3 scrolls of blinking
Potions
 b - a potion of cancellation {unknown}
 f - a potion of brilliance
 n - 2 potions of magic {unknown}
 p - 2 potions of might {unknown}
 r - a potion of ambrosia {unknown}
 v - a potion of heal wounds {unknown}
 z - a potion of invisibility {unknown}
 A - a potion of haste {unknown}


   Skills:
 + Level 2.9 Fighting
 + Level 2.6 Dodging
 * Level 4.7 Unarmed Combat
 - Level 7.0 Shapeshifting


You had 7 spell levels left.
You didn't know any spells.
Your spell library contained the following spells:

 Spells                   Type           Power      Damage    Failure   Level
 Passage of Golubria      Tloc           0%         N/A       98%         4
 Silence                  Hex/Air        0%         N/A       100%        5
 Lehudib's Crystal Spear  Conj/Erth      0%         10d2      100%        8


Dungeon Overview and Level Annotations

Branches:
Dungeon (5/15)             Temple (0/1) D:4           Sewer (visited)

Altars:
Makhleb

Shops:
D:2 *   D:4 =

Annotations:
D:3 2 transporters, Cobbler's ghost, amateur DrSh


Innate Abilities, Weirdness & Mutations

You are something dangerously unstable.
You glow with magical radiation, making you easy to see and hit.
Foes you strike become dangerously contaminated with magical radiation.
You are incapable of wielding weapons or throwing items.
You are immune to sickness and miasma.
Your stone body is resilient. (AC +5)
You are immune to poison.
You resist negative energy. (rN+)
You are resistant to electric shocks. (rElec)
You are resistant to unholy torment.
You are immune to petrification.


Message History

The orc burns you.
* * * LOW HITPOINT WARNING * * *
You regained 6 hp, and now have 9/45 hp.
You hit the orc.
The orc begins to glow.
The orc is moderately wounded.
The orc completely misses you.
You barely miss the orc.
The orc is moderately wounded.
The orc hits you with a +2 dagger of flaming.
* * * LOW HITPOINT WARNING * * *
The orc burns you.
* * * LOW HITPOINT WARNING * * *
You take 2 damage, and have 7/45 hp.
You hit the orc.
The orc glows dangerously bright.
The orc is heavily wounded.
The orc closely misses you.
You barely miss the orc.
The orc is heavily wounded.
The orc hits you with a +2 dagger of flaming.
* * * LOW HITPOINT WARNING * * *
The orc burns you.
* * * LOW HITPOINT WARNING * * *
You take 6 damage, and have 1/45 hp.
You barely miss the orc.
The orc is heavily wounded.
The orc closely misses you.
Okay, then.
There's nothing to close nearby.
Unknown command.
Unknown command.
You hit the orc.
You kill the orc!
Makhleb accepts your kill. Something hits you.
* * * LOW HITPOINT WARNING * * *
Items here: )) [[.
You take 1 damage, and have 1/45 hp.
You closely miss something. Something closely misses you.
You miss something. Something hits you.
You die...

##..# ##.# #.### ######..###
#..###.# ..........#
#####......##
###.##....######.............
#.##..#...#....############ #
.....#.#...#### ###
..........>.## #..
##.##..#.########### #.#
.........##.{p)....# #.#
.............###.#.# #.#
...............#.#.# #.#
.......####........# #.#
.##.#........###.#.# #.# #
#..####..###.#.#########.#
o...............)........#
.oo.####........###########
#o#.. #.####.#.#


There were no monsters in sight!

Vanquished Creatures
  Grinder (D:3)
  A black bear (D:5)
  An ogre (D:5)
  A phantom (D:4)
  3 kobold brigands (Sewer)
  2 brain worms (Sewer)
  2 bombardier beetles
  An orc priest (D:3)
  3 hounds
  Jessica (D:2)
  Ijyb (D:5)
  2 orc wizards
  Robin (D:2)
  5 adders
  5 river rats
  A dart slug (D:1)
  9 orcs
  2 endoplasms
  2 giant cockroaches (D:4)
  9 goblins
  5 hobgoblins
  3 jackals
  3 quokkas
  12 ball pythons
  5 bats
  4 frilled lizards
  13 kobolds
  5 rats
103 creatures vanquished.

Notes
Turn   | Place    | Note
-------+----------+-------------------------------------------
     0 | D:1      | jasper the Gargoyle Shapeshifter began the quest for the
                  | Orb.
     0 | D:1      | Reached XP level 1. HP: 12/12 MP: 1/1
   258 | D:1      | Reached XP level 2. HP: 15/16 MP: 2/2
   761 | D:2      | Found Hoceack's General Store.
   773 | D:2      | Bought a scroll of fear for 48 gold pieces
   819 | D:2      | Reached skill level 3 in Shapeshifting
   865 | D:2      | Reached XP level 3. HP: 17/20 MP: 3/3
   887 | D:2      | Noticed Robin
   975 | D:2      | Killed Robin
  1216 | D:2      | Noticed Jessica
  1223 | D:2      | Killed Jessica
  1224 | D:2      | Reached skill level 4 in Shapeshifting
  1224 | D:2      | Reached XP level 4. HP: 11/25 MP: 4/4
  1494 | D:3      | Noticed an ogre
  1495 | D:3      | Found a transporter.
  1495 | D:3      | Noticed Cobbler's ghost (amateur DrSh)
  1495 | D:3      | Noticed an ogre
  1496 | D:3      | Found a transporter.
  1660 | D:3      | Reached XP level 5. HP: 21/29 MP: 5/5
  1977 | D:3      | Noticed Grinder
  2005 | D:3      | Paralysed by Grinder for 5 turns
  2011 | D:3      | Killed Grinder
  2012 | D:3      | Reached skill level 5 in Shapeshifting
  2012 | D:3      | Reached XP level 6. HP: 21/34 MP: 6/6
  2154 | D:3      | Found a burning altar of Makhleb.
  2413 | D:3      | Became a worshipper of Makhleb the Destroyer
  2464 | D:4      | Found Zefietol's Jewellery Shoppe.
  2475 | D:4      | Found a staircase to the Ecumenical Temple.
  2677 | D:4      | Reached skill level 6 in Shapeshifting
  2677 | D:4      | Reached XP level 7. HP: 26/38 MP: 7/7
  3000 | D:4      | Found a glowing drain.
  3012 | Sewer    | Entered a sewer
  3270 | Sewer    | Reached skill level 7 in Shapeshifting
  3335 | Sewer    | Reached XP level 8. HP: 35/43 MP: 8/8
  3440 | Sewer    | Reached * piety under Makhleb
  3898 | D:5      | Entered Level 5 of the Dungeon
  4344 | D:5      | Noticed Ijyb
  4355 | D:5      | Killed Ijyb
  4503 | D:5      | HP: 2/45 [orc wizard/magic dart (3)]
  4512 | D:5      | HP: 1/45 [orc/+2 dagger of flaming (2)]
  4517 | D:5      | Slain by an orc wizard

Illustrated notes

Levels and vault maps discovered:
D:1:      saegor_arrival_simple_d, layout_basic, serial_forest,
          infiniplex_forest_clump_tiny, infiniplex_forest_clump_medium,
          infiniplex_forest_straight_1, infiniplex_forest_straight_4,
          infiniplex_forest_clump_curved, infiniplex_forest_side_room,
          infiniplex_forest_split, infiniplex_forest_lined_corner,
          infiniplex_forest_lined_1, minmay_door_square, minmay_ruptured
D:2:      layout_rooms, serial_shops, shop, uniq_robin, uniq_jessica
D:3:      layout_basic, lightli_temple_of_fire, gammafunk_ghost_smash,
          ebering_dispersal_statue_hall, chequers_serial_rivers_large_a,
          uniq_grinder
D:4:      layout_basic, minmay_temple_entry_glass, portal_sewer_entry_a,
          serial_shops, shop, dk_noncrumbling_2
D:5:      layout_basic, uniq_ijyb

Skill      XL: |  1  2  3  4  5  6  7  8 |
---------------+-------------------------+-----
Shapeshifting  | 3 4 5 6 7 |  7.0
Dodging        | 2 |  2.6
Fighting       | 2 |  2.9
Unarmed Combat | 4 |  4.7

Action                     |  1- 3 |  4- 6 |  7- 9 || total
---------------------------+-------+-------+-------++-------
  Melee: Unarmed           |    56 |     5 |   105 ||   166
         Dagger            |    29 |    79 |    50 ||   158
    Use: Scroll            |     1 |     7 |     4 ||    12
         Potion            |       |     1 |     3 ||     4
 Armour: Animal skin       |    55 |     1 |       ||    56
         Ring mail         |       |    46 |    31 ||    77
         Skin              |       |     2 |    71 ||    73
  Dodge: Dodged            |    34 |    43 |    75 ||   152
   Form: Flux              |       |       |     1 ||     1

Table legend: (Time is in decaauts)
 A = Elapsed time spent in this place.
 B = Non-inter-level travel time spent in this place.
 C = Inter-level travel time spent in this place.
 D = Time resting spent in this place.
 E = Time spent auto-exploring this place.
 F = Levels seen in this place.
 G = Mean time per level.
                   A        B        C        D        E       F      G
               +--------+--------+--------+--------+--------+-----+--------+
         Total |   4512 |   4341 |    171 |    283 |   3119 |   6 |  752.0 |
       Dungeon |   3886 |   3715 |    171 |    283 |   2699 |   5 |  777.2 |
         Sewer |    625 |    625 |      0 |      0 |    420 |   1 |  625.0 |
               +--------+--------+--------+--------+--------+-----+--------+

Top non-repeatable levels by time:
     D:3: 1076 daAuts
     D:4: 1029 daAuts
     D:1: 761 daAuts
   Sewer: 625 daAuts
     D:2: 601 daAuts
     D:5: 417 daAuts
